[Event "Titled Tuesday Blitz May 16 Early 2023"]
[White "Remizov, Yaroslav"]
[Black "Dudzinski, Pawel"]
[WhiteFideId "34134015"]
[BlackFideId "1117890"]
[WhiteElo "2400"]
[BlackElo "2099"]
[Result "1-0"]
[Round "02"]
[TimeControl "180+2"]
[Date "2023.05.16"]
[WhiteClock "0:01:07"]
[BlackClock "0:00:16"]

1. Nc3 e5 2. e4 Nc6 3. Nf3 g6 4. h4 h6 5. h5 g5 6. d4 exd4 7. Nxd4 Bg7 8. Nf5 Bf6 9. Nd5 d6 10. Bd3 Bxf5 11. exf5 Ne5 12. O-O Nxd3 13. Qxd3 Be5 14. f4 gxf4 15. Bxf4 c6 16. Ne3 Nf6 17. Nc4 Nxh5 18. Bxe5 dxe5 19. Nd6+ Ke7 20. f6+ Nxf6 21. Rxf6 Kxf6 22. Qf5+ Ke7 23. Qxe5+ Kd7 24. Rd1 Qb6+ 25. Kh1 Rad8 26. Nc4+ Qd4 27. Rxd4+ 1-0


[Site "https://www.chess.com"]

[Event "Titled Tuesday Blitz May 16 Early 2023"]
[White "Hambleton, Aman"]
[Black "FunnyDuck66"]
[WhiteFideId "2606577"]
[WhiteElo "2511"]
[BlackElo "2423"]
[Result "1-0"]
[Round "02"]
[TimeControl "180+2"]
[Date "2023.05.16"]
[WhiteClock "0:00:21"]
[BlackClock "0:00:18"]

1. d4 Nf6 2. Bf4 d5 3. e3 c6 4. c4 e6 5. Nc3 Bd6 6. Bxd6 Qxd6 7. Nf3 O-O 8. Be2 Nbd7 9. O-O b6 10. Rc1 Bb7 11. cxd5 exd5 12. Qa4 Rfe8 13. Ba6 Bxa6 14. Qxa6 Ne4 15. Rc2 Re6 16. Rfc1 Rh6 17. Ne2 c5 18. dxc5 Ndxc5 19. Qb5 Rd8 20. b4 Ne6 21. Rc6 Qd7 22. Ned4 Nxd4 23. Nxd4 Rxc6 24. Qxc6 Qxc6 25. Nxc6 Rd7 26. f3 Nd2 27. Nxa7 Nc4 28. Nb5 f6 29. Kf2 Re7 30. Rc3 Kf7 31. e4 Ke6 32. Nd4+ Kd6 33. Nf5+ Ke6 34. Nxe7 Kxe7 35. exd5 Ne5 36. Ke3 Kd6 37. Kd4 Nd7 38. Rc6+ Ke7 39. a4 Ne5 40. Re6+ Kd7 41. Rxe5 b5 42. a5 fxe5+ 43. Kxe5 Kc7 44. f4 Kd7 45. f5 Kc7 46. g4 Kd7 47. h4 Ke7 48. g5 Kd7 49. f6 Ke8 50. fxg7 Kf7 51. Kd6 Kg8 52. Kc5 Kxg7 53. h5 h6 54. gxh6+ Kxh6 55. Kxb5 Kxh5 56. d6 Kg6 57. d7 Kf7 58. d8=Q Ke6 59. Qd4 Ke7 60. Kc5 Kf7 61. b5 Kg6 62. b6 Kg5 63. b7 Kh5 64. a6 Kh6 65. a7 Kg6 66. b8=B Kg5 67. a8=N Kh5 68. Qg4+ Kh6 69. Qg5+ Kxg5 70. Kd5 Kf6 71. Be5+ Ke7 72. Nb6 Kf7 73. Kd6 Kg6 74. Ke6 Kg5 75. Nd5 Kg4 76. Bf4 Kf3 77. Ke5 Kg4 78. Ke4 Kh3 79. Ne3 Kh4 80. Kf5 Kh3 81. Ng4 Kg2 82. Ke4 Kh3 83. Nf2+ Kg2 84. Ke3 Kg1 85. Kf3 Kf1 86. Bh2 Ke1 87. Ne4 Kd1 88. Ke3 Kc2 89. Nd2 Kc3 90. Bd6 Kc2 91. Bb4 Kd1 92. Kd3 Ke1 93. Bc5 Kd1 94. Bf2 Kc1 95. Nc4 Kd1 96. Nb2+ Kc1 97. Kc3 Kb1 98. Kb3 Ka1 99. Be3 Kb1 100. Bd2 Ka1 101. Nc4 Kb1 102. Na3+ Ka1 103. Bc3# 1-0


[Site "https://www.chess.com"]

[Event "Titled Tuesday Blitz May 16 Early 2023"]
[White "Seo, Jung Min"]
[Black "Pasti, Aron"]
[WhiteFideId "1734687"]
[BlackFideId "785857"]
[WhiteElo "2468"]
[BlackElo "2173"]
[Result "1-0"]
[Round "02"]
[TimeControl "180+2"]
[Date "2023.05.16"]
[WhiteClock "0:02:26"]
[BlackClock "0:00:44"]

1. Nc3 d5 2. e4 d4 3. Nce2 c5 4. Ng3 g6 5. Bc4 Bg7 6. d3 Nc6 7. Nf3 Nf6 8. h3 O-O 9. O-O Na5 10. Bb3 Nxb3 11. axb3 Nd7 12. Nd2 Qc7 13. f4 f5 14. exf5 gxf5 15. Nh5 Bh8 16. Nf3 Nf6 17. Ne5 Nxh5 18. Qxh5 Bxe5 19. fxe5 Qxe5 20. Bh6 Rf7 21. Rae1 Qd6 22. Rf3 Bd7 23. Bf4 e5 24. Bxe5 Qc6 25. Rg3+ Kf8 26. Bf4 1-0


[Site "https://www.chess.com"]

[Event "Titled Tuesday Blitz May 16 Early 2023"]
[White "Koepke, Christian"]
[Black "Hayrapetyan, Hovik"]
[WhiteFideId "4655737"]
[BlackFideId "13302639"]
[WhiteElo "2204"]
[BlackElo "2348"]
[Result "0-1"]
[Round "02"]
[TimeControl "180+2"]
[Date "2023.05.16"]
[WhiteClock "0:00:00"]
[BlackClock "0:00:17"]

1. e4 c5 2. Be2 d6 3. f4 Nc6 4. Nf3 g6 5. O-O Bg7 6. c3 Nf6 7. d3 O-O 8. Kh1 b6 9. Be3 Bb7 10. Nbd2 e5 11. fxe5 dxe5 12. Nc4 Qc7 13. Bg5 h6 14. Bh4 Nh5 15. Ne3 Nf4 16. Bg3 Rad8 17. Bxf4 exf4 18. Nd5 Qd6 19. Qd2 g5 20. d4 cxd4 21. cxd4 Kh8 22. h4 f5 23. Bd3 fxe4 24. Bxe4 Nxd4 25. Nxd4 Bxd5 26. Nf5 Qe5 27. Nxg7 Bxe4 28. Qc3 Qxc3 29. bxc3 Kxg7 30. hxg5 hxg5 31. Rae1 Rfe8 0-1


[Site "https://www.chess.com"]

[Event "Titled Tuesday Blitz May 16 Early 2023"]
[White "Smirnov, Pavel"]
[Black "Vovk, Orest"]
[WhiteFideId "4123425"]
[BlackFideId "14113490"]
[WhiteElo "2520"]
[BlackElo "2215"]
[Result "0-1"]
[Round "02"]
[TimeControl "180+2"]
[Date "2023.05.16"]
[WhiteClock "0:00:23"]
[BlackClock "0:00:06"]

1. d4 h6 2. e4 g5 3. c4 Bg7 4. Nc3 c5 5. d5 Bxc3+ 6. bxc3 d6 7. h4 Qa5 8. Bd2 g4 9. Bd3 Nf6 10. Ne2 Nbd7 11. Ng3 Ne5 12. Be2 h5 13. f4 gxf3 14. gxf3 Rg8 15. Kf2 Bd7 16. a4 O-O-O 17. Qb3 Rg6 18. Rhg1 Rdg8 19. Bg5 Nh7 20. f4 Ng4+ 21. Bxg4 Bxg4 22. f5 Nxg5 23. fxg6 Nh3+ 24. Ke3 Nxg1 25. gxf7 Rf8 26. Rxg1 Rxf7 27. Nf5 Bxf5 28. exf5 Rxf5 29. Rg8+ Kc7 30. Rg7 Re5+ 31. Kd3 Qb6 32. Qxb6+ Kxb6 33. Rg5 Kc7 34. a5 Kd7 35. Rg8 Kc7 36. Ra8 a6 37. Rg8 b6 38. axb6+ Kxb6 39. Rb8+ Kc7 40. Ra8 Kb7 41. Rg8 a5 42. Rg1 Ka6 43. Rb1 Rf5 44. Ke3 Re5+ 45. Kf4 Re2 46. Kg5 Rc2 47. Kxh5 Rxc3 48. Kg5 Rxc4 49. h5 Rc2 50. Rh1 Rg2+ 51. Kf5 c4 52. h6 Rg8 53. h7 Rh8 54. Kg6 c3 55. Kg7 Rxh7+ 56. Kxh7 Kb5 57. Kg6 Kc4 58. Rd1 c2 59. Rc1 Kd3 60. Kf7 Kd2 61. Ra1 c1=Q 62. Rxc1 Kxc1 63. Kxe7 a4 64. Kxd6 a3 65. Kc7 a2 66. d6 a1=Q 67. d7 Qc3+ 68. Kd6 Qd4+ 69. Kc7 Qc5+ 70. Kb7 Qd6 71. Kc8 Qc6+ 0-1


[Site "https://www.chess.com"]

[Event "Titled Tuesday Blitz May 16 Early 2023"]
[White "Harshavardhan G B"]
[Black "Yosha_Iglesias"]
[WhiteFideId "25059009"]
[WhiteElo "2323"]
[BlackElo "2409"]
[Result "1-0"]
[Round "02"]
[TimeControl "180+2"]
[Date "2023.05.16"]
[WhiteClock "0:02:01"]
[BlackClock "0:00:09"]

1. e4 c5 2. Nc3 g6 3. d4 cxd4 4. Qxd4 Nf6 5. e5 Nc6 6. Qf4 Nh5 7. Qe4 Qa5 8. Nf3 Ng7 9. Bd2 Ne6 10. Bc4 Bg7 11. O-O-O Qd8 12. h4 h5 13. Bxe6 dxe6 14. Kb1 Bd7 15. Bf4 Qc7 16. Ng5 Rc8 17. Rhe1 Qb6 18. Nxf7 Kxf7 19. Rxd7 Nxe5 20. Bxe5 Rxc3 21. Qf4+ Ke8 22. Bxg7 Kxd7 23. Bxc3 1-0


[Site "https://www.chess.com"]

[Event "Titled Tuesday Blitz May 16 Early 2023"]
[White "Pandey Srishti"]
[Black "Aradhya, Garg"]
[WhiteFideId "35093290"]
[BlackFideId "25006746"]
[WhiteElo "2123"]
[BlackElo "2263"]
[Result "1-0"]
[Round "02"]
[TimeControl "180+2"]
[Date "2023.05.16"]
[WhiteClock "0:00:13"]
[BlackClock "0:01:21"]

1. e4 e5 2. Nf3 Nc6 3. Nc3 Nf6 4. Be2 Bb4 5. O-O Bxc3 6. bxc3 Nxe4 7. Bb5 O-O 8. Bxc6 dxc6 9. Nxe5 Qd5 10. Nf3 Bg4 11. h3 Bh5 12. c4 Qd6 13. d3 Qd5 14. cxd5 Nc3 15. Qd2 Nxd5 16. g4 Bg6 17. c4 Nb6 18. Bb2 Rfd8 19. Qc3 f6 20. Rad1 Na4 21. Qb3 Nxb2 22. Qxb2 Bxd3 23. Rfe1 b6 24. c5 Bc4 25. cxb6 axb6 26. a3 Bd5 27. Qc3 Ra5 28. Nd4 Rc5 29. Qe3 Ra8 30. Nf5 Bf7 31. Rd7 Re5 32. Qd2 Rxe1+ 33. Qxe1 Re8 34. Qd2 Kf8 35. Rxf7+ Kxf7 36. Qd7+ Kf8 37. Qxg7# 1-0


[Site "https://www.chess.com"]

[Event "Titled Tuesday Blitz May 16 Early 2023"]
[White "Tanenbaum, Zachary"]
[Black "Xie, Bryan"]
[WhiteFideId "2060850"]
[BlackFideId "30941296"]
[WhiteElo "2175"]
[BlackElo "2033"]
[Result "1-0"]
[Round "02"]
[TimeControl "180+2"]
[Date "2023.05.16"]
[WhiteClock "0:00:05"]
[BlackClock "0:00:03"]

1. e4 c5 2. Nf3 e6 3. d4 cxd4 4. Nxd4 Nc6 5. Nc3 Qc7 6. g3 a6 7. Bg2 Nf6 8. O-O Nxd4 9. Qxd4 Bc5 10. Bf4 d6 11. Qd2 h6 12. Rad1 e5 13. Be3 Bxe3 14. fxe3 Be6 15. Qxd6 Rc8 16. Qxc7 Rxc7 17. Rd2 Rxc3 18. bxc3 Nd7 19. a4 Ke7 20. a5 Rc8 21. Rb1 Nc5 22. Rb4 Rc7 23. Rd1 Bc8 24. Rd5 f6 25. Rc4 Ne6 26. Rxc7+ Nxc7 27. Rd1 Bd7 28. Rb1 Bc6 29. Rb4 Nb5 30. c4 Nc3 31. Kf2 Kd6 32. Rb3 Na4 33. Rd3+ Ke7 34. c5 Nxc5 35. Rc3 Kd6 36. Rc4 Ne6 37. Ke2 Bb5 38. Kd3 Nc5+ 39. Kc3 Bxc4 40. Kxc4 Kc6 41. g4 g5 42. Kb4 Ne6 43. Bf1 Nc5 44. Be2 Kd6 45. Bf3 Nd7 46. h3 Nb8 47. Be2 Nc6+ 48. Ka4 Kc5 49. Bd3 Nb4 50. Kb3 Nc6 51. Ka4 Nb4 52. Kb3 Nxd3 53. cxd3 Kb5 54. d4 Kxa5 55. Kc4 Kb6 56. Kd5 Kc7 57. Ke6 a5 58. Ke7 a4 59. d5 a3 60. d6+ Kc6 61. d7 a2 62. d8=Q a1=Q 63. Qd6+ Kb5 64. Kxf6 Qf1+ 65. Kxe5 Qxh3 66. Qd5+ Ka6 67. Qa2+ Kb6 68. Qb2+ Kc7 69. Qc3+ Kb8 70. Kf6 Qxg4 71. e5 Qf3+ 72. Ke7 g4 73. e6 g3 74. Qe5+ Ka7 75. Qa5+ Kb8 76. Qe5+ Ka7 77. Qd4+ Kb8 78. Kd8 Qf8+ 79. Kd7 Qc8+ 80. Ke7 g2 81. Qg4 Qc7+ 82. Kf8 Qd8+ 83. Kf7 Qd5 84. Qg3+ Ka7 85. Kf6 Qd8+ 86. e7 Qh8+ 87. Kf7 Qc8 88. e8=Q Qf5+ 89. Kg7 Qg5+ 90. Qxg5 hxg5 91. Qa4+ Kb8 92. Qd1 1-0


[Site "https://www.chess.com"]

[Event "Titled Tuesday Blitz May 16 Early 2023"]
[White "Omariev, Maksim"]
[Black "Issani, Nameer"]
[WhiteFideId "4193423"]
[BlackFideId "2619130"]
[WhiteElo "2403"]
[BlackElo "2704"]
[Result "1/2-1/2"]
[Round "02"]
[TimeControl "180+2"]
[Date "2023.05.16"]
[WhiteClock "0:00:03"]
[BlackClock "0:01:45"]

1. e4 e6 2. d4 d5 3. Nc3 Nf6 4. Bg5 dxe4 5. Nxe4 Be7 6. Bxf6 Bxf6 7. Nf3 O-O 8. Bd3 Nc6 9. c3 e5 10. d5 Ne7 11. Nxf6+ gxf6 12. c4 Ng6 13. Qc2 Bg4 14. O-O-O Qe7 15. h4 Rfe8 16. h5 e4 17. hxg6 fxg6 18. Rde1 exd3 19. Rxe7 dxc2 20. Rexh7 Bh5 21. Rxc7 Re2 22. Nd4 Rxf2 23. g4 Bxg4 24. Rhh7 Re8 25. Rcg7+ Kf8 26. Rf7+ Kg8 27. Rfg7+ Kf8 28. Rf7+ Kg8 29. Rfg7+ 1/2-1/2


[Site "https://www.chess.com"]

[Event "Titled Tuesday Blitz May 16 Early 2023"]
[White "carokannlover213"]
[Black "Petrova, Irina"]
[BlackFideId "14124122"]
[WhiteElo "2696"]
[BlackElo "2084"]
[Result "1-0"]
[Round "02"]
[TimeControl "180+2"]
[Date "2023.05.16"]
[WhiteClock "0:00:16"]
[BlackClock "0:00:00"]

1. Nf3 d6 2. d4 g6 3. e4 Bg7 4. Nc3 Nf6 5. Be3 O-O 6. Qd2 Ng4 7. Bg5 h6 8. Bh4 a6 9. O-O-O b5 10. h3 Nf6 11. e5 b4 12. exf6 bxc3 13. Qxc3 exf6 14. Bg3 Bb7 15. h4 h5 16. Bc4 Nd7 17. Bb3 Nb6 18. Qd3 Bd5 19. c4 Bxf3 20. gxf3 d5 21. c5 Nc8 22. f4 f5 23. Rdg1 Rb8 24. Qxa6 Bxd4 25. Rd1 Bg7 26. Rxd5 Bxb2+ 27. Kc2 Qf6 28. Qxf6 Bxf6 29. Rd7 Na7 30. f3 Nb5 31. Bf2 Na3+ 32. Kc1 Nb5 33. Re1 Rbd8 34. c6 Ra8 35. Bc5 Nd6 36. Rxc7 Rad8 37. Rd7 Rfe8 38. Rxe8+ Nxe8 39. Bxf7+ Kh8 40. Rxd8 Bxd8 41. Bxe8 Bc7 42. Bxg6 Kg8 43. Bxh5 Kg7 44. Kc2 Kf6 45. Be8 Ke6 46. Bd7+ Kf7 47. h5 Bxf4 48. a4 Bc7 49. Bxf5 Kf6 50. Bg6 Kg5 51. Kd3 Kh6 52. Be3+ Kg7 53. Be4 Kf6 54. h6 1-0


[Site "https://www.chess.com"]

[Event "Titled Tuesday Blitz May 16 Early 2023"]
[White "caropawn10"]
[Black "KVAIDAN"]
[WhiteElo "2691"]
[BlackElo "2401"]
[Result "1-0"]
[Round "02"]
[TimeControl "180+2"]
[Date "2023.05.16"]
[WhiteClock "0:01:28"]
[BlackClock "0:00:32"]

1. e4 e5 2. Nc3 Nf6 3. g3 d5 4. exd5 Nxd5 5. Bg2 Nxc3 6. bxc3 Be7 7. Ne2 O-O 8. O-O Nc6 9. d4 exd4 10. Nxd4 Bd7 11. Bf4 Rc8 12. Rb1 Nxd4 13. cxd4 b6 14. c4 Bf5 15. Rb3 Bf6 16. d5 Re8 17. h4 Be5 18. Bxe5 Rxe5 19. Qd4 Qf6 20. Rf3 h5 21. Bh3 Rce8 22. Kh2 Qg6 23. Qf4 Bxh3 24. Kxh3 Re4 25. Qxc7 Qg4+ 26. Kg2 f5 27. d6 Rxc4 28. d7 Rf8 29. d8=Q f4 30. Qxc4+ 1-0


[Site "https://www.chess.com"]

[Event "Titled Tuesday Blitz May 16 Early 2023"]
[White "Begmuratov, Alisher"]
[Black "Orujov2008"]
[WhiteFideId "14203367"]
[WhiteElo "2387"]
[BlackElo "2401"]
[Result "1-0"]
[Round "02"]
[TimeControl "180+2"]
[Date "2023.05.16"]
[WhiteClock "0:00:27"]
[BlackClock "0:00:00"]

1. d4 Nf6 2. Nf3 e6 3. Bf4 d5 4. e3 Bd6 5. Bg3 O-O 6. Nbd2 c5 7. c3 Nc6 8. Bb5 a6 9. Bxc6 bxc6 10. Qa4 Bxg3 11. hxg3 Qb6 12. Qb3 Qc7 13. Ne5 a5 14. Qc2 h6 15. g4 Ba6 16. Nb3 Ne4 17. f3 f6 18. fxe4 fxe5 19. O-O-O exd4 20. cxd4 cxd4 21. exd4 Bc4 22. Nc5 Qf4+ 23. Kb1 Qxg4 24. b3 Bb5 25. e5 a4 26. b4 a3 27. Rd2 Bc4 28. Nd7 Rf7 29. Nb6 Rb8 30. Nxc4 Rxb4+ 31. Ka1 Rxc4 32. Qd3 Rb7 33. Rf1 Rcb4 34. Qxa3 Rxd4 35. Qf8+ Kh7 36. Qf2 1-0


[Site "https://www.chess.com"]

[Event "Titled Tuesday Blitz May 16 Early 2023"]
[White "Mirzoev, Azer"]
[Black "Senft, Sean"]
[WhiteFideId "13400304"]
[BlackFideId "2044960"]
[WhiteElo "2525"]
[BlackElo "1989"]
[Result "1-0"]
[Round "02"]
[TimeControl "180+2"]
[Date "2023.05.16"]
[WhiteClock "0:00:20"]
[BlackClock "0:00:00"]

1. c4 c5 2. Nc3 Nc6 3. g3 g6 4. Bg2 Bg7 5. a3 e5 6. Rb1 Nge7 7. b4 d6 8. bxc5 dxc5 9. d3 O-O 10. Bg5 h6 11. Bd2 Rb8 12. Nf3 Nd4 13. O-O Bg4 14. Nxd4 exd4 15. Ne4 b6 16. Bf4 Rc8 17. h3 Be6 18. Nd6 Rc7 19. Nb5 Rd7 20. a4 g5 21. Bd2 Ng6 22. a5 a6 23. Na3 bxa5 24. Qa4 Re7 25. Qxa5 Qc8 26. Kh2 f5 27. Rb6 f4 28. Qxa6 Qe8 29. g4 Nh4 30. Be4 f3 31. e3 Be5+ 32. Kg1 Qd7 33. Nb5 Bxg4 34. Rb7 Qe8 35. hxg4 Bb8 36. Rxe7 Qxe7 37. Qxh6 Rf7 38. exd4 Rg7 39. Bd5+ 1-0


[Site "https://www.chess.com"]

[Event "Titled Tuesday Blitz May 16 Early 2023"]
[White "Souleidis, Georgios"]
[Black "Gatterer, Florian"]
[WhiteFideId "4206827"]
[BlackFideId "811688"]
[WhiteElo "2401"]
[BlackElo "2221"]
[Result "1-0"]
[Round "02"]
[TimeControl "180+2"]
[Date "2023.05.16"]
[WhiteClock "0:01:49"]
[BlackClock "0:00:45"]

1. e4 c5 2. Be2 e6 3. d3 d5 4. f4 Bd6 5. Nf3 Ne7 6. O-O Nbc6 7. c3 d4 8. Nbd2 O-O 9. Nc4 Bc7 10. a4 f5 11. e5 Nd5 12. cxd4 cxd4 13. Bd2 b6 14. Rc1 Bb7 15. Qe1 a5 16. Qf2 Ndb4 17. Na3 Ba6 18. Nb5 Bb8 19. Rc4 Qe7 20. Rfc1 Bxb5 21. axb5 Na7 22. Nxd4 Rd8 23. Bxb4 axb4 24. Bf3 1-0


[Site "https://www.chess.com"]

[Event "Titled Tuesday Blitz May 16 Early 2023"]
[White "Lopez Del Alamo, Antonio"]
[Black "Priasmoro, Novendra"]
[WhiteFideId "2227339"]
[BlackFideId "7105029"]
[WhiteElo "2175"]
[BlackElo "2412"]
[Result "0-1"]
[Round "02"]
[TimeControl "180+2"]
[Date "2023.05.16"]
[WhiteClock "0:01:41"]
[BlackClock "0:02:11"]

1. e4 c5 2. Nf3 Nc6 3. b4 cxb4 4. d4 d5 5. exd5 Qxd5 6. c4 Qe4+ 7. Be3 Bg4 8. d5 Ne5 9. Nbd2 Qf5 10. Qa4+ Nd7 11. Nd4 Qe5 12. h3 Bh5 13. Qxb4 e6 14. Qxb7 Rb8 15. Qxa7 Bc5 16. Nc6 Qxa1+ 17. Nb1 Rxb1+ 18. Kd2 Rd1+ 19. Kc2 Bg6+ 20. Bd3 Bxd3+ 21. Kb3 Bxa7 0-1


[Site "https://www.chess.com"]

[Event "Titled Tuesday Blitz May 16 Early 2023"]
[White "Mogirzan, Matei-Valeriu"]
[Black "Antal, Gergely"]
[WhiteFideId "1257455"]
[BlackFideId "717312"]
[WhiteElo "1733"]
[BlackElo "2471"]
[Result "0-1"]
[Round "02"]
[TimeControl "180+2"]
[Date "2023.05.16"]
[WhiteClock "0:00:00"]
[BlackClock "0:00:24"]

1. e4 d5 2. exd5 Nf6 3. Nf3 Nxd5 4. Nc3 Nxc3 5. bxc3 g6 6. d4 Bg7 7. Bd3 O-O 8. h4 c5 9. Ng5 h5 10. Qf3 cxd4 11. Bc4 e6 12. g4 Qc7 13. Bd3 Qxc3+ 14. Kd1 hxg4 15. Qxg4 e5 16. Qf3 Nd7 17. h5 Nf6 18. Rh4 e4 19. Nxe4 Nxe4 20. Rxe4 Bf5 21. Rh4 Rae8 0-1


[Site "https://www.chess.com"]

[Event "Titled Tuesday Blitz May 16 Early 2023"]
[White "Di Nicolantonio, Lucas"]
[Black "Sargissyan, Sargis"]
[WhiteFideId "680460"]
[BlackFideId "13303210"]
[WhiteElo "2358"]
[BlackElo "2109"]
[Result "0-1"]
[Round "02"]
[TimeControl "180+2"]
[Date "2023.05.16"]
[WhiteClock "0:01:15"]
[BlackClock "0:00:54"]

1. Nf3 Nf6 2. c4 g6 3. Nc3 Bg7 4. g3 O-O 5. Bg2 d6 6. O-O e5 7. d3 Nc6 8. Rb1 a5 9. a3 h6 10. b4 axb4 11. axb4 Be6 12. b5 Ne7 13. Nd2 Rb8 14. Ba3 Qd7 15. b6 c6 16. Nde4 Nxe4 17. Nxe4 Nc8 18. Re1 f5 19. Nd2 h5 20. Nf3 Bh6 21. Bc1 Bxc1 22. Qxc1 f4 23. c5 Bd5 24. cxd6 Bxf3 25. exf3 Qxd6 26. Qc4+ Kg7 27. Qe4 Ne7 28. Qxe5+ Qxe5 29. Rxe5 Nd5 30. Bh3 Rfe8 31. Rbe1 Rxe5 32. Rxe5 fxg3 33. hxg3 Nxb6 34. Re7+ Kf6 35. Rh7 Nd5 36. f4 b5 37. f5 b4 38. Ra7 b3 39. Ra1 b2 40. Re1 0-1


[Site "https://www.chess.com"]

[Event "Titled Tuesday Blitz May 16 Early 2023"]
[White "Fikiet, Alex"]
[Black "Camilla_Lee"]
[WhiteFideId "2052717"]
[WhiteElo "2382"]
[BlackElo "2629"]
[Result "1-0"]
[Round "02"]
[TimeControl "180+2"]
[Date "2023.05.16"]
[WhiteClock "0:00:16"]
[BlackClock "0:00:00"]

1. e4 e5 2. Nf3 Nc6 3. Nc3 Nf6 4. a3 d5 5. exd5 Nd4 6. h3 Nxd5 7. Nxd5 Qxd5 8. Nxd4 exd4 9. Be2 c6 10. O-O Be6 11. Bf3 Qd6 12. b4 Be7 13. d3 O-O 14. Re1 Bf6 15. Rb1 Bd5 16. b5 c5 17. Be4 Rfe8 18. Qf3 Bxe4 19. Rxe4 Rxe4 20. Qxe4 Qd7 21. Bd2 Re8 22. Qf3 Re7 23. a4 Qe8 24. Kf1 Be5 25. Re1 Bd6 26. Rxe7 Qxe7 27. Qe4 Qxe4 28. dxe4 c4 29. f4 f6 30. Ke2 Kf7 31. Kf3 g6 32. g4 Ke6 33. f5+ Kf7 34. h4 a6 35. bxa6 bxa6 36. g5 Be5 37. Kg4 Bc7 38. h5 gxf5+ 39. Kxf5 fxg5 40. Kxg5 Ke6 41. Kh6 Ke5 42. Kxh7 Kxe4 43. Kg6 d3 44. cxd3+ Kxd3 45. Bg5 c3 46. h6 Be5 47. Kf5 Bd4 48. Ke6 c2 49. Bc1 1-0


[Site "https://www.chess.com"]

[Event "Titled Tuesday Blitz May 16 Early 2023"]
[White "Bernabeu Lopez, Carlos Javier"]
[Black "Savitha Shri B"]
[WhiteFideId "2235366"]
[BlackFideId "35061887"]
[WhiteElo "2344"]
[BlackElo "2197"]
[Result "1-0"]
[Round "02"]
[TimeControl "180+2"]
[Date "2023.05.16"]
[WhiteClock "0:02:00"]
[BlackClock "0:00:06"]

1. e4 c5 2. Nf3 e6 3. g3 Nf6 4. Bg2 Nxe4 5. O-O Nf6 6. c4 Nc6 7. d4 cxd4 8. Nxd4 Be7 9. Nc3 O-O 10. b3 a6 11. Bb2 Qc7 12. Rc1 Rd8 13. Re1 Bc5 14. Ne4 Bxd4 15. Bxd4 Nxe4 16. Bxe4 Nxd4 17. Qxd4 d6 18. Red1 e5 19. Qe3 Be6 20. Bd5 Qe7 21. Rd2 Rac8 22. Rcd1 Bg4 23. f3 Bh5 24. Kg2 Qf6 25. Bxb7 Rc7 26. Be4 h6 27. Qb6 Rcd7 28. Qxa6 g5 29. g4 Bg6 30. Qc6 Qf4 31. Bxg6 fxg6 32. Qe4 Qf6 33. c5 h5 34. Rxd6 Rxd6 35. cxd6 Rxd6 36. Qc4+ Kh8 37. Qc8+ 1-0


[Site "https://www.chess.com"]

[Event "Titled Tuesday Blitz May 16 Early 2023"]
[White "Kononenko, Dmitry"]
[Black "Mohammed, Zozek Salah Mohammed"]
[WhiteFideId "14113538"]
[BlackFideId "4803361"]
[WhiteElo "2198"]
[BlackElo "2211"]
[Result "1-0"]
[Round "02"]
[TimeControl "180+2"]
[Date "2023.05.16"]
[WhiteClock "0:01:12"]
[BlackClock "0:00:00"]

1. e4 e6 2. g3 d5 3. Bg2 dxe4 4. Bxe4 Nf6 5. Bg2 Be7 6. Ne2 O-O 7. d4 Nc6 8. O-O Bd7 9. c3 a6 10. Nd2 b5 11. Nf3 Rb8 12. a3 Na5 13. Ne5 Nc4 14. Nd3 Qe8 15. Re1 Bc6 16. b3 Bxg2 17. Kxg2 Nb6 18. Ne5 Nbd5 19. Qc2 c5 20. c4 bxc4 21. bxc4 Nb6 22. Bb2 Nfd7 23. Nc6 Rb7 24. d5 exd5 25. Nf4 Nf6 26. Bxf6 Qxc6 27. Bxe7 Re8 28. Bh4 Nxc4 29. Rxe8+ Qxe8 30. Nxd5 1-0


[Site "https://www.chess.com"]

[Event "Titled Tuesday Blitz May 16 Early 2023"]
[White "bubeliang"]
[Black "Itkis, Boris"]
[BlackFideId "1209167"]
[WhiteElo "2612"]
[BlackElo "2216"]
[Result "1/2-1/2"]
[Round "02"]
[TimeControl "180+2"]
[Date "2023.05.16"]
[WhiteClock "0:00:03"]
[BlackClock "0:00:03"]

1. e4 c5 2. c3 d5 3. exd5 Qxd5 4. d4 Nc6 5. Nf3 Nf6 6. Na3 a6 7. Nc4 cxd4 8. cxd4 e6 9. Be2 Bb4+ 10. Bd2 Bxd2+ 11. Qxd2 Qd8 12. O-O O-O 13. Rac1 b5 14. Nce5 Nxe5 15. dxe5 Nd5 16. Nd4 Bb7 17. Bf3 Qb6 18. Nb3 Rac8 19. Rfd1 g6 20. h4 b4 21. h5 a5 22. h6 a4 23. Nd4 Rxc1 24. Rxc1 Rc8 25. Rxc8+ Bxc8 26. Bxd5 exd5 27. Nf3 Qc5 28. Qg5 Be6 29. Qf6 Qc1+ 30. Kh2 Qxh6+ 31. Kg1 Qc1+ 32. Kh2 Qh6+ 33. Kg3 Qc1 34. Ng5 Qc8 35. f4 h6 36. Nf3 Qd7 37. Nd4 a3 38. b3 Qc8 39. Kh2 Kh7 40. Kg1 Qc1+ 41. Kh2 Qc8 42. Nf3 Qc3 43. Nh4 Qd3 44. f5 gxf5 45. Nf3 Qe3 46. Qe7 Qf4+ 47. Kg1 Qe3+ 48. Kh2 Qf4+ 49. Kg1 Qe3+ 50. Kh2 1/2-1/2


[Site "https://www.chess.com"]

[Event "Titled Tuesday Blitz May 16 Early 2023"]
[White "Koutsin, Sergey"]
[Black "hakanazeri2"]
[WhiteFideId "14101483"]
[WhiteElo "2381"]
[BlackElo "2611"]
[Result "0-1"]
[Round "02"]
[TimeControl "180+2"]
[Date "2023.05.16"]
[WhiteClock "0:00:17"]
[BlackClock "0:01:19"]

1. d4 Nf6 2. c4 e6 3. Nf3 d5 4. Nc3 Bb4 5. Bg5 h6 6. Bxf6 Qxf6 7. Qa4+ Nc6 8. cxd5 exd5 9. e3 O-O 10. Be2 Rd8 11. Qb3 Be6 12. a3 Bxc3+ 13. Qxc3 Rac8 14. b4 Ne7 15. O-O Nf5 16. Qc5 b6 17. Qc6 Nd6 18. Ne5 Qe7 19. Qc2 Bf5 20. Qb3 c5 21. bxc5 bxc5 22. dxc5 Qxe5 23. cxd6 Rxd6 24. Rac1 Rxc1 25. Rxc1 d4 26. Bc4 dxe3 27. Bxf7+ Kf8 28. fxe3 Rd3 0-1


[Site "https://www.chess.com"]

[Event "Titled Tuesday Blitz May 16 Early 2023"]
[White "Goswami, Vedant"]
[Black "Akash G"]
[WhiteFideId "5003725"]
[BlackFideId "5040299"]
[WhiteElo "2011"]
[BlackElo "2395"]
[Result "0-1"]
[Round "02"]
[TimeControl "180+2"]
[Date "2023.05.16"]
[WhiteClock "0:00:00"]
[BlackClock "0:00:24"]

1. b3 g6 2. Bb2 Nf6 3. c4 Bg7 4. g3 d6 5. d4 e5 6. dxe5 Ng4 7. Bg2 O-O 8. Nf3 Nc6 9. O-O Ngxe5 10. Nxe5 Nxe5 11. Qd2 h5 12. Nc3 h4 13. Rad1 Qd7 14. Nd5 c6 15. Ne3 Rd8 16. Ba3 Qe8 17. Qc2 Ng4 18. Nxg4 Bxg4 19. Bf3 Bf5 20. e4 Bh3 21. Rfe1 Qe5 22. Bc1 Qf6 23. Bg2 Bxg2 24. Kxg2 Re8 25. f3 Re6 26. Re2 Rae8 27. Bb2 Qg5 28. Bxg7 Kxg7 29. Qd2 Qh5 30. Qf4 h3+ 31. Kf2 Rf6 32. Qe3 Re5 33. Red2 Ree6 34. Rd3 g5 35. R1d2 Qg6 36. Qd4 Rxe4 37. Qxe4 Qxe4 0-1


[Site "https://www.chess.com"]

[Event "Titled Tuesday Blitz May 16 Early 2023"]
[White "Chabris, Christopher"]
[Black "Agibileg, Uurtsaikh"]
[WhiteFideId "2005263"]
[BlackFideId "4901606"]
[WhiteElo "2367"]
[BlackElo "2353"]
[Result "0-1"]
[Round "02"]
[TimeControl "180+2"]
[Date "2023.05.16"]
[WhiteClock "0:00:09"]
[BlackClock "0:00:31"]

1. e4 c5 2. Nf3 e6 3. d4 cxd4 4. Nxd4 Nc6 5. Nc3 Qc7 6. g3 Bb4 7. Nb5 Qb8 8. Bf4 e5 9. Be3 a6 10. a3 Be7 11. Bb6 axb5 12. Nxb5 Bd8 13. Bc5 Bc7 14. Bd6 Bxd6 15. Nxd6+ Kf8 16. Qd5 Nd8 17. Qxe5 Nf6 18. O-O-O Nc6 19. Qf5 Ne7 20. Qf3 Ng6 21. h4 Qc7 22. h5 Ne5 23. Qf5 Ra5 24. Bb5 Qc5 25. b4 Qxd6 26. Rxd6 Rxb5 27. Qh3 Ke7 28. Rhd1 Nc4 29. R6d4 d5 30. Qh4 Bg4 31. e5 Nxe5 32. Re1 Kd6 33. Qg5 Re8 34. f4 Nd3+ 35. cxd3 Rxe1+ 36. Kc2 Rb6 37. h6 Rc6+ 38. Kb2 Re2+ 39. Kb3 Rd2 40. hxg7 Bd1# 0-1


[Site "https://www.chess.com"]